Map: Mist Opportunities

Players

monk

  • Race: Protoss Protoss
  • Spawn Location: 6:00

sTkmonk

  • Race: Terran Terran
  • Spawn Location: 5:00

VOD

Have the link to the VOD?

Description

Time

  • Played on: Sept. 26, 2017, 6:47 a.m.
  • Length: 30:22
Show
View Real Time Build Order
Export as new Build Order

monk Protoss 

Build Orders:  

Get SALT Encoding   

  12  0:03  Probe (Chrono Boost)  
  13  0:16  Probe (Chrono Boost)  
  14  0:27  Probe (Chrono Boost)  
  15  0:38  Probe (Chrono Boost)  
  16  0:43  Gateway  
  17  0:50  Probe (Chrono Boost)  
  17  0:56  Assimilator  
  18  1:01  Probe (Chrono Boost)  
  18  1:11  Assimilator  
  18  1:13  Probe (Chrono Boost)  
  19  1:25  Probe (Chrono Boost)  
  20  1:36  Probe (Chrono Boost)  
  21  1:46  Probe (Chrono Boost)  
  22  1:50  Zealot  
  22  1:55  Cybernetics Core  
  24  2:00  Probe  
  25  2:10  Zealot  
  25  2:17  Probe  
  28  2:28  Zealot  
  30  3:02  Nexus  
  30  3:15  Probe (Chrono Boost)  
  31  3:26  Twilight Council  
  31  3:29  Probe (Chrono Boost)  
  33  3:40  Probe (Chrono Boost)  
  33  3:41  Pylon  
  33  3:52  Probe (Chrono Boost)  
  34  4:03  Probe (Chrono Boost)  
  35  4:14  Probe (Chrono Boost)  
  35  4:15  Whirlwind (Chrono Boost)  
  35  4:17  Assimilator  
  36  4:22  Assimilator  
  36  4:27  Probe  
  37  4:44  Probe x2  
  37  4:48  Zealot  
  41  4:55  Probe  
  41  5:01  Probe  
  41  5:06  Probe  
  41  5:12  Khaydarin Amulet  
  41  5:18  Probe x2 (Chrono Boost)  
  43  5:21  Templar Archives  
  44  5:34  Probe x2 (Chrono Boost)  
  46  5:40  Gateway  
  46  5:47  Probe (Chrono Boost)  
  47  5:51  Zealot x2  
  51  6:06  Probe x2 (Chrono Boost)  
  51  6:13  Probe (Chrono Boost)  
  51  6:17  Probe  
  53  6:23  Probe  
  53  6:29  Forge  
  54  6:34  Probe x2  
  54  6:38  High Templar x2  
  54  6:39  Archon  
  59  6:46  Gateway  
  60  6:52  Psionic Storm  
  60  7:06  Charge (Chrono Boost)  
  60  7:09  Protoss Ground Weapons Level 1 (Chrono Boost)  
  58  7:19  Pylon  
  58  7:20  High Templar x2  
  58  7:22  Archon  
  62  7:31  Zealot  
  62  7:50  Gateway  
  62  7:51  Gateway  
  62  7:54  Gateway  
  62  7:55  Zealot, Gateway  
  62  7:56  Zealot  
  66  8:00  Gateway  
  66  8:12  Robotics Facility  
  66  8:17  High Templar  
  66  8:18  High Templar  
  70  8:25  High Templar  
  72  8:42  High Templar  
  72  8:57  Archon  
  72  8:58  Archon  
  70  9:02  High Templar  
  70  9:03  High Templar  
  70  9:07  Zealot x2  
  70  9:08  Zealot x2  
  78  9:14  Zealot x2  
  82  9:26  Archon  
  80  9:36  Zealot x2  
  80  9:37  Zealot x5  
  94  9:49  Zealot  
  94  9:54  Protoss Ground Weapons Level 2 (Chrono Boost)  
  94  9:55  Observer  
  89  10:24  High Templar  
  89  10:25  High Templar  
  89  10:27  Zealot x8  
  107  10:36  Archon  
  107  10:50  Plasma Surge  
  107  11:20  High Templar  
  107  11:21  High Templar  
  107  11:23  Zealot x2  
  107  11:24  Zealot x6  
  123  11:40  Zealot x2  
  123  11:41  Zealot  
  125  11:52  Archon  
  121  12:01  Protoss Ground Weapons Level 3 (Chrono Boost)  
  121  12:08  Zealot x4  
  129  12:20  High Templar x2  
  125  12:47  Archon  
  125  13:10  High Templar x2  
  125  13:12  Zealot x7  
  125  13:18  Archon  
  135  13:32  Protoss Shields Level 1 (Chrono Boost)  
  135  13:46  Immortal  
  135  13:47  Immortal  
  135  14:02  Zealot x3  
  135  14:03  Zealot x2  
  135  14:06  Immortal  
  116  14:38  High Templar  
  116  14:39  High Templar  
  120  14:40  Archon  
  116  14:53  Immortal  
  116  14:56  Zealot x5  
  130  15:09  Immortal  
  134  15:26  Zealot  
  134  15:43  Zealot x3  
  134  15:45  Immortal  
  138  15:58  Immortal  
  140  16:05  Zealot x2  
  140  16:06  Zealot x2  
  146  16:14  High Templar x2  
  146  16:15  Archon  
  142  16:20  Observer  
  133  16:35  Zealot x5  
  135  16:47  Immortal  
  137  16:59  High Templar  
  133  17:00  Archon, High Templar  
  125  17:13  Zealot x4  
  129  17:24  Immortal  
  131  17:45  Immortal  
  131  17:52  Pylon  
  131  17:58  Immortal  
  135  18:15  Pylon  
  125  18:21  Protoss Ground Armor Level 1  
  125  18:27  Immortal  
  123  18:42  Zealot x2  
  123  18:43  Zealot x2  
  123  19:06  Observer  
  124  19:19  High Templar  
  126  19:20  High Templar  
  126  19:22  Zealot x2  
  132  19:33  Archon  
  132  19:34  Zealot x2  
  132  19:35  Zealot  
  134  19:44  Observer  
  135  19:55  Protoss Shields Level 2  
  135  20:04  Zealot  
  135  20:05  Zealot x2  
  135  20:06  High Templar  
  137  20:10  High Templar  
  137  20:14  Archon  
  133  20:34  Zealot x4  
  123  21:08  Zealot x8  
  123  22:00  Protoss Ground Armor Level 2  
  123  22:15  Pylon  
  123  22:38  Probe  
  124  22:42  Pylon  
  124  23:01  Immortal x3  
  124  23:08  Photon Cannon  
  136  23:11  Photon Cannon  
  136  23:14  Photon Cannon  
  136  23:16  Photon Cannon  
  136  23:18  Photon Cannon  
  136  23:20  High Templar x2  
  136  23:22  High Templar  
  136  23:23  High Templar  
  136  23:27  High Templar x2  
  148  23:39  Photon Cannon  
  148  23:43  Photon Cannon x2  
  148  23:46  Photon Cannon  
  148  23:54  Protoss Shields Level 3  
  148  24:14  Photon Cannon  
  148  24:15  Photon Cannon  
  148  24:17  Photon Cannon  
  148  24:19  Photon Cannon  
  148  24:22  Photon Cannon x2  
  148  24:25  Photon Cannon  
  148  24:27  Photon Cannon  
  148  24:32  Zealot  
  150  25:12  High Templar x2  
  154  25:27  Zealot  
  154  25:28  Zealot  
  158  25:43  Archon x2  
  158  25:47  Observer  
  159  25:50  High Templar x2  
  163  26:07  Archon  
  163  26:08  Archon  
  161  26:22  Zealot x2  
  161  26:23  Zealot  
  161  26:24  Zealot x2  
  171  26:38  High Templar x3  
  163  27:00  Archon  
  163  27:02  Zealot x5  
  163  27:03  Zealot x4  
  175  27:15  Zealot x6  
  187  27:22  High Templar  
  178  27:54  High Templar x2  
  182  28:19  Archon  
  180  28:29  High Templar  
  176  28:30  High Templar  
  176  28:39  Observer  
  167  28:59  Zealot x6  
  179  29:00  Zealot x3  
Show
View Real Time Build Order
Export as new Build Order

sTkmonk Terran 

Build Orders:  

Get SALT Encoding   

Tags
 
Add a new tag
Caveats
  • Supply blocks, unpowered buildings, or Contaminate may cause inaccurate times.
  • Supply counts are checked every 10 seconds.